 Dungeon Crawl Stone Soup version 0.27-a0-652-g2d5cf1dcd3 (webtiles) character file.

Game seed: 9997884839114922610

239 Allula97 the Cutter (level 5, -2/39 HPs)
             Began as a Demonspawn Gladiator on Mar 16, 2021.
             Slain by a gnoll
             ... wielding a +0 halberd
              (4 damage)
             ... on level 4 of the Dungeon.
             The game lasted 00:06:45 (3791 turns).

Allula97 the Cutter (Demonspawn Gladiator)          Turns: 3791, Time: 00:06:47

Health: -2/39      AC:  7    Str: 15    XL:     5   Next: 79%
Magic:  6/6        EV:  9    Int:  9    God:
Gold:   174        SH:  8    Dex: 15    Spells: 6/6 levels left

rFire    . . .     SeeInvis +   a - +0 rapier
rCold    + . .     Faith    .   j - +0 kite shield
rNeg     . . .     Spirit   .   f - +0 ring mail
rPois    .         Reflect  .   c - +0 helmet
rElec    .         Harm     .   (no cloak)
rCorr    .         Rampage  .   (no gloves)
Will     .....                  n - +0 pair of boots
Stlth    +.........             (no amulet)
HPRegen  0.13/turn              z - ring of see invisible
MPRegen  0.10/turn              r - ring of protection from cold

@: coronaed, berserk cooldown, slowed, glowing, very slow
A: foul stench 1, powered by death 1
a: no special abilities


You were on level 4 of the Dungeon.
You visited 1 branch of the dungeon, and saw 4 of its levels.

You collected 174 gold pieces.

Inventory:

Hand Weapons
 a - a +0 rapier (weapon)
Missiles
 d - 3 throwing nets (quivered)
Armour
 c - a +0 helmet (worn)
 f - a +0 ring mail (worn)
 j - a +0 kite shield (worn)
 n - a +0 pair of boots (worn)
 w - a +0 robe of the Archmagi
 B - a +0 pair of gloves
Jewellery
 l - a ring of positive energy
 r - a ring of protection from cold (left hand)
 x - a ring of ice
 z - a ring of see invisible (right hand)
Scrolls
 b - 2 scrolls of enchant armour {unknown}
 g - 2 scrolls of enchant weapon {unknown}
 i - 2 scrolls of magic mapping
 m - 2 scrolls of teleportation
 o - a scroll of fog {unknown}
 y - a scroll of amnesia {unknown}
Potions
 e - 2 potions of berserk rage
 h - a potion of brilliance {unknown}
 k - 2 potions of mutation {unknown}
 p - a potion of haste {unknown}
 q - a potion of lignification
 s - a potion of cancellation {unknown}
 t - 2 potions of heal wounds
 u - a potion of flight {unknown}
 v - a potion of curing {unknown}
 A - a potion of might {unknown}


   Skills:
 * Level 2.6 Fighting
 * Level 3.8 Short Blades
 - Level 1.7 Throwing
 * Level 1.7 Armour
 * Level 3.5 Dodging
 * Level 1.5 Stealth
 * Level 1.2 Shields
 * Level 1.2 Spellcasting


You had 6 spell levels left.
You didn't know any spells.
Your spell library was empty.

Dungeon Overview and Level Annotations

Branches:
Dungeon (4/15)
 Temple: D:4-7

Altars:
Gozag
The Shining One


Innate Abilities, Weirdness & Mutations

You may rarely emit foul miasma when damaged in melee.
You regenerate a little health from kills.


Message History

You feel yourself moving faster!
You feel mighty!
You feel a strong urge to attack something.
You puncture the gnoll shaman!
The gnoll shaman is moderately wounded.
The gnoll shaman calls upon its god to speed up the gnoll.
The gnoll seems to speed up.
You puncture the gnoll shaman!
The gnoll shaman is almost dead.
The gnoll hits you from afar with a +0 spear.
The gnoll shaman hits you with a +0 club!
You hit the gnoll shaman.
The gnoll shaman is almost dead.
The gnoll hits you but does no damage. You block the gnoll's attack.
You puncture the gnoll shaman!
You kill the gnoll shaman!
You block the gnoll's attack. The gnoll hits you with a +0 spear.
You emit a cloud of foul miasma!
Things that are here:
a +0 club; a +0 leather armour; a gnoll corpse You barely miss the gnoll.
The gnoll is engulfed in dark miasma.
The gnoll is poisoned.
You block the gnoll's attack.
You impale the gnoll!!
You kill the gnoll!
You are no longer berserk.
You are exhausted.
You feel yourself slow down. You block the gnoll's attack.
You see here a +0 spear.
You hit the gnoll.
The gnoll is moderately wounded.
The gnoll hits you from afar with a +0 halberd!
The gnoll hits you with a +0 club. The gnoll closely misses you.
The gnoll hits you with a +0 club.
Unknown command.
You completely miss the gnoll.
The gnoll is moderately wounded.
The gnoll hits you from afar with a +0 halberd!
* * * LOW HITPOINT WARNING * * *
You block the gnoll's attack.
The gnoll hits you from afar with a +0 halberd.
You die...

### .....
##############
.....
#......$.)@gg# #
#####
#.##########.#.#
.. #.#.#
#.####g#.###.#
#.g...g.......
#g.......###.#
...#####.### #.#
# #.# #.# #.#
#.#


You could see 2 gnolls.

Vanquished Creatures
  A gnoll shaman (D:4)
  A worker ant (D:4)
  2 orc wizards (D:3)
  A gnoll (D:4)
  3 adders
  3 dart slugs (D:2)
  5 leopard geckos
  9 orcs
  2 bats
  5 giant cockroaches
  7 goblins
  7 hobgoblins
  10 jackals
  3 frilled lizards
  12 kobolds
  6 rats
77 creatures vanquished.

Vanquished Creatures (others)
  A plant (D:3)
1 creature vanquished.

Grand Total: 78 creatures vanquished

Notes
Turn   | Place    | Note
-------+----------+-------------------------------------------
     0 | D:1      | Allula97 the Demonspawn Gladiator began the quest for the
                  | Orb.
     0 | D:1      | Reached XP level 1. HP: 16/16 MP: 1/1
   129 | D:1      | Gained mutation: You regenerate a little health from kills.
                  | [demonic ancestry]
   129 | D:1      | Reached XP level 2. HP: 22/22 MP: 2/2
   810 | D:2      | Reached XP level 3. HP: 8/27 MP: 3/3
  1432 | D:2      | Reached skill level 1 in Stealth
  1634 | D:2      | Reached skill level 1 in Armour
  1683 | D:2      | Reached XP level 4. HP: 33/33 MP: 5/5
  2184 | D:3      | Found an opulent altar of Gozag.
  2240 | D:3      | Reached skill level 1 in Spellcasting
  2258 | D:3      | Gained mutation: You may rarely emit foul miasma when
                  | damaged in melee. [demonic ancestry]
  2258 | D:3      | Reached XP level 5. HP: 25/38 MP: 6/6
  2735 | D:3      | Reached skill level 1 in Shields
  3791 | D:4      | Slain by a gnoll

Illustrated notes

Levels and vault maps discovered:
D:1:      psy_arrival_conway, layout_basic
D:2:      layout_basic
D:3:      layout_loops_ring, grunt_gozag_breadcrumbs, corexii_shack,
          nrook_mini_vaults
D:4:      layout_loops_ring, old_standard_altar

Skill      XL: |  1  2  3  4  5 |
---------------+----------------+-----
Short Blades   | 3 |  3.8
Dodging        | 3 |  3.5
Stealth        | 1 |  1.5
Armour         | 1 |  1.7
Spellcasting   | 1 |  1.2
Shields        | 1 |  1.2
Fighting       | |  2.6
Throwing       | |  1.7

Action                   |  1- 3 |  4- 6 || total
-------------------------+-------+-------++-------
Melee: Rapier            |   140 |   144 ||   284
  Use: Potion            |       |     3 ||     3
       Scroll            |       |     4 ||     4
Armor: Ring mail         |    70 |    45 ||   115
       Leather armour    |     1 |       ||     1
       Skin              |       |    62 ||    62
Dodge: Dodged            |    71 |    42 ||   113
Block: Kite shield       |    56 |    53 ||   109

Table legend: (Time is in decaauts)
 A = Elapsed time spent in this place.
 B = Non-inter-level travel time spent in this place.
 C = Inter-level travel time spent in this place.
 D = Time resting spent in this place.
 E = Time spent auto-exploring this place.
 F = Levels seen in this place.
 G = Mean time per level.
                   A        B        C        D        E       F      G
               +--------+--------+--------+--------+--------+-----+--------+
         Total |   3880 |   3769 |    111 |    246 |   2556 |   4 |  970.0 |
       Dungeon |   3880 |   3769 |    111 |    246 |   2556 |   4 |  970.0 |
               +--------+--------+--------+--------+--------+-----+--------+

Top non-repeatable levels by time:
     D:3: 1430 daAuts
     D:2: 1366 daAuts
     D:1: 809 daAuts
     D:4: 274 daAuts
